AoeStats
← SCHNOBEL

Black Forest

509184154Analyzed
4v4 RM · 7d ago on Sep 25, 2026· 16m 47s· 8 players
Game mode
Random Map
Map size
Large (8 player)
Population
200
Speed
Normal
Resources
Standard
Victory
Conquest
Starting age
Dark Age
Ending age
Imperial Age
RankedLock teamsTeams togetherTeam positionsShared explorationLock speedFull tech treeHidden civsTurbo modeCheats
Victory
Defeat
🇪🇸 Japanese · Spain
1263
+14
🇷🇺 Celts · Russia
1263
+14
🇺🇦 Dravidians · Ukraine
1221
+15
🇸🇮 Saxons · Slovenia
1164
+18
🇬🇵 Burgundians · Guadeloupe
1268
-18
🇮🇳 Byzantines · India
1225
-16
🇺🇸 Hindustanis · United States
1176
-14
🇭🇺 Teutons · Hungary
1162
-13
only_mousee
1:32 Loom
9:21 Feudal Age
13:06 Castle Age
_Suko_
0:45 Loom
10:26 Feudal Age
11:06 Town Watch
10:44 Man-at-Arms
15:20 Double-Bit Axe
m00n
11:29 Feudal Age
13:00 Double-Bit Axe
15:32 Castle Age
16:47 Wheelbarrow
SCHNOBEL
2:26 Loom
13:05 Feudal Age
17:50 Castle Age
16:28 Man-at-Arms
Doppinger
1:18 Loom
12:50 Feudal Age
18:55 Castle Age
SULIMAN
5:43 Double-Bit Axe
11:28 Feudal Age
14:42 Loom
17:14 Castle Age
15:14 Horse Collar
15:49 Bow Saw
Queso Padre
11:12 Feudal Age
15:17 Castle Age
14:08 Double-Bit Axe
14:07 Horse Collar
AztecKiller2427
0:52 Loom
13:16 Feudal Age
15:04 Double-Bit Axe
Connection lost

Rejoining the realm…

Still unreachable

The connection could not be restored.

Session expired

The server has moved on; the page needs a fresh start.